 Dungeon Crawl Stone Soup version 0.30-a0-364-gf6b3ef1049 (webtiles) character file.

Game seed: 2659117612663608432

2578 Lobster4 the Zephyrmancer (level 9, -5/52 HPs)
             Began as a Tengu Air Elementalist on Nov 14, 2022.
             Was an Initiate of Vehumet.
             Slain by a killer bee (8 damage)
             ... on level 8 of the Dungeon.
             The game lasted 00:27:39 (9083 turns).

Lobster4 the Zephyrmancer (Tengu Air Elementalist)  Turns: 9083, Time: 00:27:39

Health: -5/52      AC:  3    Str: 14    XL:     9   Next: 57%
Magic:  16/16      EV: 15    Int: 25    God:    Vehumet [......]
Gold:   94         SH:  0    Dex: 14    Spells: 8/16 levels left

rFire   + . .      SeeInvis .    b - +5 sling "Ziekkits" {drain, Int+4}
rCold   . . .      Faith    .    (no shield)
rNeg    . . .      Spirit   .    h - +0 leather armour
rPois   .          Reflect  .    (helmet restricted)
rElec   .          Harm     .    (no cloak)
rCorr   .          Rampage  .    (no gloves)
Will    .....                    (boots unavailable)
Stlth   ++........               (no amulet)
HPRegen 0.28/turn                w - ring "Geojeegigu" {rF+ Str+6}
MPRegen 0.15/turn                (no ring)

@: lethally poisoned (-5 -> -29), flying quickly and evasively, quick
A: beak, talons 3, nimble flight
a: Renounce Religion


You were on level 8 of the Dungeon.
You worshipped Vehumet.
Vehumet was noncommittal.
You visited 2 branches of the dungeon, and saw 9 of its levels.

You collected 352 gold pieces.
You spent 258 gold pieces at shops.

Inventory:

Hand Weapons
 a - the +4 short sword "Killer Bee's Curse" {vorpal, rElec Int+2 SInv}
   (You took it off a hobgoblin on level 3 of the Dungeon)

   It inflicts extra damage upon your enemies.
   Int:       It affects your intelligence (+2).
   rElec:     It insulates you from electricity.
   SInv:      It lets you see invisible.
 b - the +5 sling "Ziekkits" (weapon) {drain, Int+4}
   (You found it on level 2 of the Dungeon)

   A truly terrible weapon, it drains the life of any living foe it strikes.
   Int:       It affects your intelligence (+4).
 i - a +0 whip of electrocution
 y - a +0 sling
 D - a +0 shortbow
Missiles
 e - 6 javelins
 f - 11 poisoned darts
 m - 4 boomerangs
 H - a curare-tipped dart
 I - 2 throwing nets
Armour
 g - a +0 robe
 h - a +0 leather armour (worn)
 n - a +1 scale mail of cold resistance
 A - a +0 ring mail
Magical Staves
 s - a staff of fire
Jewellery
 w - the ring "Geojeegigu" (left hand) {rF+ Str+6}
   (You acquired it on level 3 of the Dungeon)

   [ring of strength]

   Str:       It affects your strength (+6).
   rF:        It protects you from fire.
Wands
 c - a wand of digging (3)
 u - a wand of light (3)
Scrolls
 j - a scroll of magic mapping
 k - a scroll of enchant weapon
 l - 5 scrolls of fear
 o - a scroll of fog
 q - 4 scrolls of amnesia
 r - a scroll of enchant armour {unknown}
 t - a scroll of brand weapon {unknown}
 v - a scroll of torment {unknown}
 z - a scroll of summoning
 F - a scroll of vulnerability {unknown}
 J - a scroll of teleportation
Potions
 d - a potion of magic
 p - 2 potions of heal wounds
 x - a potion of curing
 B - 2 potions of lignification
 C - 2 potions of brilliance
 E - 2 potions of might


   Skills:
 + Level 4.1 Fighting
 - Level 3.0 Short Blades
 + Level 4.2 Ranged Weapons
 - Level 1.0 Throwing
 + Level 4.6 Armour
 - Level 3.0 Dodging
 + Level 2.4 Stealth
 + Level 4.3 Spellcasting
 + Level 5.8 Conjurations
 * Level 9.2 Air Magic
 - Level 3.0 Evocations


You had 8 spell levels left.
You knew the following spells:

 Your Spells              Type           Power      Damage    Failure   Level
a - Shock                 Conj/Air       100%       1d9       1%          1
b - Airstrike             Air            25%        2d(4-20)  2%          4
e - Swiftness             Air            51%        N/A       1%          3

Your spell library contained the following spells:

 Spells                   Type           Power      Damage    Failure   Level
 Static Discharge         Conj/Air       86%        2-6/arc   1%          2
 Iskenderun's Battlesphe  Conj           34%        2d9       26%         5
 Gell's Gravitas          Tloc           5%         N/A       32%         3
 Teleport Other           Tloc           5%         N/A       32%         3
 Flame Wave               Conj/Fire      20%        2d7       32%         4
 Anguish                  Hex/Necr       2%         N/A       71%         4
 Dispersal                Tloc           2%         N/A       100%        6


Dungeon Overview and Level Annotations

Branches:
Dungeon (8/15)             Temple (1/1) D:7
   Lair: D:8-11

Altars:
Ashenzari
Cheibriados
Dithmenos
Elyvilon
Fedhas
Gozag
Hepliaklqana
Kikubaaqudgha
Makhleb
Nemelex Xobeh
Qazlal
Ru
Sif Muna
Trog
Uskayaw
Vehumet
Wu Jian
Xom
Zin
The Shining One

Shops:
D:4 =*!   D:7 (???*

Annotations:
D:5 2 transporters, Eustachio, Prince Ribbit
D:7 Maggie


Innate Abilities, Weirdness & Mutations

You have a beak for a mouth.
You have claws for feet.
Your magical nature lets you fly swiftly and evasively.


Message History

Unknown command.
HP restored.
Things that are here:
a +3 war axe; a +0 robe
Things that are here:
a +3 flail; 6 stones
Things that are here:
a +0 robe; a +0 dagger of venom Done exploring.
Things that are here:
a +0 robe; a +0 dagger
Things that are here:
a +0 leather armour; a +0 dagger
There is a stone staircase leading down here.
You fly downwards.
The killer bee misses you. The killer bee barely misses you.
The killer bee stings you!
You are poisoned.
The killer bee poisons you! The killer bee closely misses you.
The killer bee stings you! The killer bee closely misses you.
The killer bee misses you. The killer bee closely misses you. x2
The killer bee completely misses you. The killer bee closely misses you.
The killer bee barely misses you. The killer bee stings you.
There is a stone staircase leading up here.
You feel sick. The killer bee closely misses you. The killer bee stings you!
You are more poisoned.
The killer bee poisons you!
The killer bee stings you but does no damage.
The killer bee stings you!
You are more poisoned.
The killer bee poisons you! The killer bee closely misses you.
The killer bee stings you.
* * * LOW HITPOINT WARNING * * *
The killer bee stings you.
* * * LOW HITPOINT WARNING * * *
You are more poisoned.
The killer bee poisons you! The killer bee closely misses you.
The killer bee stings you.
* * * LOW HITPOINT WARNING * * *
The killer bee stings you!
You die...

#.#
##.##
##...##
#.....#
..8..
#...#
#.yy#
#y@y#
#y.y#
#...#
..8..
#.....#
##...##
##.##
#+#


You could see 6 killer bees.

Vanquished Creatures
  Sigmund (D:3)
  A steam dragon (D:6)
  Edmund (D:5)
  2 water moccasins (D:5)
  A black bear (D:5)
  A sky beast (D:6)
  An ogre (D:6)
  2 centaurs (D:6)
  A kobold brigand (D:6)
  2 phantoms (D:5)
  Blork the orc (D:5)
  2 scorpions
  8 wights (D:7)
  4 hounds
  3 jellies
  An orc priest (D:7)
  A gnoll bouda (D:7)
  Ijyb (D:4)
  4 orc wizards (D:7)
  2 iguanas (D:4)
  Robin (D:3)
  12 gnolls
  4 adders
  A shadow imp (D:6)
  2 dart slugs
  8 orcs
  2 endoplasms
  3 giant cockroaches
  12 goblins
  13 hobgoblins
  10 jackals
  18 kobolds
  A quokka (D:2)
  3 ball pythons
  6 bats
  A frilled lizard (D:1)
  6 rats
143 creatures vanquished.

Vanquished Creatures (others)
  An orc (D:7)
1 creature vanquished.

Grand Total: 144 creatures vanquished

Notes
Turn   | Place    | Note
-------+----------+-------------------------------------------
     0 | D:1      | Lobster4 the Tengu Air Elementalist began the quest for the
                  | Orb.
     0 | D:1      | Reached XP level 1. HP: 10/10 MP: 4/4
   248 | D:1      | Reached XP level 2. HP: 15/15 MP: 1/6
   790 | D:1      | Reached XP level 3. HP: 20/20 MP: 2/7
  1586 | D:2      | Found a faded altar of an unknown god.
  1609 | D:2      | Identified the +5 sling "Ziekkits" {drain, Int+4}
  1689 | D:2      | Reached skill level 1 in Armour
  2082 | D:3      | Noticed Robin
  2151 | D:3      | Identified a scroll of acquirement
  2151 | D:3      | Acquired the ring "Geojeegigu" {rF+ Str+6}
  2366 | D:3      | Found a glowing silver altar of Zin.
  2369 | D:3      | Found a shimmering blue altar of Sif Muna.
  2369 | D:3      | Noticed Sigmund
  2419 | D:3      | Reached XP level 4. HP: 21/24 MP: 2/8
  2421 | D:3      | Reached skill level 5 in Air Magic
  2532 | D:3      | Found a faded altar of an unknown god.
  2568 | D:3      | Killed Sigmund
  2569 | D:3      | Reached skill level 1 in Fighting
  2569 | D:3      | Reached skill level 1 in Ranged Weapons
  2569 | D:3      | Gained mutation: Your magical nature lets you fly swiftly
                  | and evasively. [Tengu growth]
  2569 | D:3      | Reached XP level 5. HP: 18/29 MP: 8/10
  2569 | D:3      | Reached XP level 6. HP: 21/34 MP: 8/11
  2628 | D:3      | Found a sparkling altar of Nemelex Xobeh.
  2629 | D:3      | Found a stormy altar of Qazlal.
  3104 | D:3      | Identified the +4 short sword "Killer Bee's Curse" {vorpal,
                  | rElec Int+2 SInv}
  3122 | D:3      | Killed Robin
  3175 | D:3      | Found a bloodstained altar of Trog.
  3182 | D:3      | Learned a level 3 spell: Swiftness
  3365 | D:4      | Found Viapafes's Distillery.
  3367 | D:4      | Found Deoxuokh's General Store.
  3368 | D:4      | Noticed Ijyb
  3453 | D:4      | Found Yrphogac's Jewellery Shoppe.
  3519 | D:4      | Found a burning altar of Makhleb.
  3519 | D:4      | Noticed a green death
  3522 | D:4      | Noticed a smoke demon
  3522 | D:4      | Noticed a ynoxinul
  3576 | D:4      | Reached skill level 6 in Air Magic
  3627 | D:4      | Got the Lessons on Evil Magic and Conjury
  3633 | D:4      | Identified the +1 chain mail of the Dice {Str+3 Int+3 Dex-4
                  | SInv}
  3698 | D:4      | Killed Ijyb
  3724 | D:4      | Found a glowing golden altar of the Shining One.
  3733 | D:4      | Bought a scroll of identify for 26 gold pieces
  3733 | D:4      | Bought a scroll of identify for 26 gold pieces
  3733 | D:4      | Bought a scroll of amnesia for 52 gold pieces
  3733 | D:4      | Bought a potion of lignification for 39 gold pieces
  4452 | D:5      | Entered Level 5 of the Dungeon
  4454 | D:5      | Found a transporter.
  4481 | D:5      | Noticed a water moccasin
  4493 | D:5      | Noticed Blork the orc
  4499 | D:5      | Killed Blork the orc
  4500 | D:5      | Reached XP level 7. HP: 25/40 MP: 12/12
  4578 | D:5      | Noticed Prince Ribbit
  4623 | D:5      | Noticed Eustachio
  4660 | D:5      | Reached skill level 1 in Throwing
  4698 | D:5      | Reached skill level 1 in Short Blades
  4698 | D:5      | Reached skill level 1 in Evocations
  4955 | D:5      | Found a transporter.
  5080 | D:5      | Noticed Edmund
  5094 | D:5      | Killed Edmund
  5095 | D:5      | Reached skill level 7 in Air Magic
  5327 | D:5      | Reached XP level 8. HP: 22/45 MP: 6/14
  5971 | D:5      | Learned a level 4 spell: Airstrike
  6834 | D:6      | Found a white marble altar of Elyvilon.
  6854 | D:6      | Reached skill level 8 in Air Magic
  6973 | D:6      | Found an ornate altar of the Wu Jian Council.
  7003 | D:6      | Reached skill level 5 in Conjurations
  7015 | D:6      | Reached XP level 9. HP: 14/51 MP: 1/15
  7590 | D:6      | Found a shadowy altar of Dithmenos.
  7929 | D:7      | Found Nulil's Needful Niceties.
  8093 | D:7      | Noticed Maggie
  8165 | D:7      | Found a staircase to the Ecumenical Temple.
  8174 | Temple   | Entered the Ecumenical Temple
  8181 | Temple   | Became a worshipper of Vehumet
  8243 | D:7      | Reached skill level 9 in Air Magic
  8359 | D:7      | Found Cuom's Magic Scroll Emporium.
  8364 | D:7      | Found Tesiub's Magic Scroll Shoppe.
  8365 | D:7      | Found Rieroz's Magic Scroll Shop.
  8370 | D:7      | Found Dyb Koso's Weapon Boutique.
  8374 | D:7      | Bought a scroll of teleportation for 33 gold pieces
  8374 | D:7      | Bought a scroll of blinking for 82 gold pieces
  9083 | D:8      | Slain by a killer bee

Illustrated notes

Levels and vault maps discovered:
D:1:      nicolae_arrival_washed_ashore, layout_loops_ring
D:2:      layout_basic, ebering_ecumenical_altar_mist
D:3:      layout_loops_ring, nicolae_overflow_ecumenical_swirl,
          grunt_temple_overflow_cloverleaf, minmay_misc_feat_rows, uniq_sigmund,
          uniq_robin
D:4:      layout_layer_cave, mainiacjoe_overflow_six_doors_small,
          makhleb_altar_promises_db, serial_shops, shop_statue,
          nicolae_shop_trees, shop, uniq_ijyb
D:5:      gammafunk_steamed_eel, layout_basic, uniq_blork_the_orc,
          uniq_eustachio, uniq_prince_ribbit1, uniq_edmund
D:6:      layout_loops_ring, kennysheep_little_box, elyvilon_altar_1,
          grunt_dithmenos_shadows
D:7:      layout_loops_ring, minmay_temple_entry_poolview,
          nicolae_alphabet_shops, nicolae_wooded_promenade, hex_large,
          minmay_misc_feat_tiny, uniq_maggie
D:8:      wad_crossroads, layout_gridville, okawaru_humans,
          mainiacjoe_overflow_concentric_impassable, minivault_14,
          grunt_ministairs_15
Temple:   hellmonk_temple_micro_hex

Skill      XL: |  1  2  3  4  5  6  7  8  9 |
---------------+----------------------------+-----
Armour         | 1 2 3 4 |  4.6
Conjurations   | 2 3 4 5 |  5.8
Air Magic      | 5 6 7 8 9 |  9.2
Fighting       | 1 2 3 4 |  4.1
Ranged Weapons | 1 2 3 4 |  4.2
Dodging        | 3 |  3.0
Throwing       | 1 |  1.0
Short Blades   | 2 3 |  3.0
Spellcasting   | 3 4 |  4.3
Evocations     | 1 2 3 |  3.0
Stealth        | |  2.4

Action                   |  1- 3 |  4- 6 |  7- 9 || total
-------------------------+-------+-------+-------++-------
Melee: Short sword       |       |       |    21 ||    21
       Kick              |       |       |     5 ||     5
       Peck              |       |       |     2 ||     2
 Fire: Sling             |    29 |    53 |    68 ||   150
Throw: Dart              |       |       |     9 ||     9
 Cast: Shock             |    60 |    40 |   207 ||   307
       Swiftness         |       |       |     1 ||     1
  Use: Scroll            |     4 |     5 |    10 ||    19
       Potion            |     1 |       |     3 ||     4
Armor: Robe              |     4 |       |     7 ||    11
       Leather armour    |       |       |     7 ||     7
Dodge: Dodged            |    13 |    17 |   107 ||   137

Table legend: (Time is in decaauts)
 A = Elapsed time spent in this place.
 B = Non-inter-level travel time spent in this place.
 C = Inter-level travel time spent in this place.
 D = Time resting spent in this place.
 E = Time spent auto-exploring this place.
 F = Levels seen in this place.
 G = Mean time per level.
                   A        B        C        D        E       F      G
               +--------+--------+--------+--------+--------+-----+--------+
         Total |   8727 |   8302 |    425 |   1374 |   5516 |   9 |  969.7 |
       Dungeon |   8714 |   8295 |    419 |   1374 |   5516 |   8 | 1089.2 |
        Temple |     13 |      8 |      5 |      0 |      0 |   1 |   13.0 |
               +--------+--------+--------+--------+--------+-----+--------+

Top non-repeatable levels by time:
     D:5: 1632 daAuts
     D:6: 1421 daAuts
     D:7: 1337 daAuts
     D:1: 1225 daAuts
     D:4: 1110 daAuts
     D:3: 1081 daAuts
     D:2: 902 daAuts
  Temple: 13 daAuts
     D:8: 3 daAuts
